 Dungeon Crawl Stone Soup version 0.28.0-45-g0d030f2227 (webtiles) character file.

Game seed: 1704656906150207027

387 101zpm the Magician (level 7, -4/46 HPs)
             Began as a Djinni Ice Elementalist on Apr 11, 2022.
             Slain by a wight
             ... wielding a +0 mace
              (6 damage)
             ... on level 6 of the Dungeon.
             The game lasted 00:13:41 (5249 turns).

101zpm the Magician (Djinni Ice Elementalist)       Turns: 5249, Time: 00:13:42

Health: -4/46      AC:  3    Str:  7    XL:     7   Next: 7%
Gold:   239        EV: 12    Int: 18    God:
                   SH:  3    Dex: 14

rFire   + + .      SeeInvis .   h - +1 mace (protect)
rCold   x . .      Faith    .   r - +0 buckler
rNeg    . . .      Spirit   .   a - +0 robe
rPois   ∞          Reflect  .   (no helmet)
rElec   .          Harm     .   (no cloak)
rCorr   .          Rampage  .   b - +0 pair of gloves
Will    .....                   (boots unavailable)
Stlth   ++........              (no amulet)
HPRegen 0.15/turn               (no ring)
MPRegen 0.00/turn               (no ring)

@: freezing walls, flying
A: sickness immunity, fire resistance 2, cold vulnerability 1, float, innate
caster, HP casting, extra vitality 1
a: no special abilities


You were on level 6 of the Dungeon.
You visited 1 branch of the dungeon, and saw 6 of its levels.

You collected 239 gold pieces.

Inventory:

Hand Weapons
 h - a +1 mace of protection (weapon)
Missiles
 i - 98 stones
 q - 5 poisoned darts
Armour
 a - a +0 robe (worn)
 b - a +0 pair of gloves (worn)
 r - a +0 buckler (worn)
Jewellery
 f - an amulet of faith
 l - a ring of willpower
Scrolls
 d - a scroll of identify {unknown}
 e - a scroll of teleportation {unknown}
 j - a scroll of vulnerability {unknown}
 k - 2 scrolls of noise {unknown}
 n - a scroll of amnesia {unknown}
 o - a scroll of fog {unknown}
Potions
 c - 2 potions of attraction {unknown}
 g - a potion of curing {unknown}
 m - 2 potions of magic {unknown}
 p - a potion of lignification {unknown}


   Skills:
 + Level 0.9 Fighting
 + Level 1.2 Maces & Flails
 + Level 2.9 Dodging
 + Level 2.0 Stealth
 + Level 5.6 Spellcasting


You couldn't memorise any spells.
You knew the following spells:

 Your Spells              Type           Power      Damage    Failure   Level
a - Freeze                Ice            100%       1d11      1%          1
b - Frozen Ramparts       Ice            50%        1d7       4%          3
c - Ozocubu's Armour      Ice            25%        N/A       4%          3
d - Hailstorm             Conj/Ice       25%        3d7       17%         4
e - Sandblast             Erth           50%        2d12      1%          1
f - Call Imp              Summ           25%        N/A       2%          2
g - Tukima's Dance        Hex            25%        N/A       4%          3
Your spell library was empty.

Dungeon Overview and Level Annotations

Branches:
Dungeon (7/15)
 Temple: D:4-7

Altars:
Xom

Shops:
D:1 :**[


Innate Abilities, Weirdness & Mutations

You are immune to sickness and miasma.
You are immune to poison.
Your flesh is very heat resistant. (rF++)
You are vulnerable to cold. (rC-)
You float through the air rather than walking.
You learn spells naturally, not from books.
Your magical power is your life essence.
You have superior vitality. (+4 MHP)


Message History

Casting: Frozen Ramparts (dangerous; 4% risk of failure)
Press: ? - help, Dir - look around, f - activate A stone staircase leading down.
The walls around you are covered in ice.
* * * LOW HITPOINT WARNING * * *
Your frozen ramparts will break if you move.
Continue? [Y]es or [N]o only, please.
Your frozen ramparts will break if you move.
Continue? [Y]es or [N]o only, please.
Your frozen ramparts will break if you move.
Continue?
Okay, then.
Casting: Frozen Ramparts (dangerous; 4% risk of failure)
Confirm with . or Enter, or press ? or * to list all spells.
A beastly little devil appears in a puff of flame.
* * * LOW HITPOINT WARNING * * *
The wight resists.
The wall freezes the wight.
Casting: Call Imp (safe; 2% risk of failure)
Confirm with . or Enter, or press ? or * to list all spells.
Okay, then.
Casting: Call Imp (safe; 2% risk of failure)
Confirm with . or Enter, or press ? or * to list all spells.
Aiming: Sandblast (safe; 1% risk of failure)
Press: ? - help, Shift-Dir - straight line, f - wight
Aim: a wight, wielding a +0 mace and wearing a +0 robe (lightly damaged, ally target, 81% to hit)
The blast of sand hits the wight!
The wight is heavily damaged.
* * * LOW HITPOINT WARNING * * *
The wight resists.
The wall freezes the wight.
Casting: Sandblast (safe; 1% risk of failure)
Confirm with . or Enter, or press ? or * to list all spells.
Aiming: Sandblast (safe; 1% risk of failure)
Press: ? - help, Shift-Dir - straight line, f/p - wight
Aim: a wight, wielding a +0 mace and wearing a +0 robe (heavily damaged, ally target, 81% to hit)
The blast of sand hits the wight.
The wight is almost destroyed.
* * * LOW HITPOINT WARNING * * *
The wight completely resists.
The wall freezes the wight but does no damage.
The wight hits you with a +0 mace.
You die...

##########
#####........#
#..........(.#
#............#
#............# #
#.:..........#.[..
###.....@.......
#...†...z5.#....
#...†###.### .
#....# #.#
#...........
#.........##
#.........#
####........
#......##


You could see a wight (ally target) and a friendly crimson imp (summoned).

Vanquished Creatures
  A wight (D:6)
  2 hounds
  Jessica (D:2)
  An iguana (D:4)
  3 orc wizards (D:3)
  A hound skeleton (D:4)
  2 adders
  2 worms
  A dart slug (D:1)
  6 orcs
  7 bats
  8 endoplasms
  3 giant cockroaches
  10 hobgoblins
  8 jackals
  4 quokkas
  8 ball pythons
  A frilled lizard (D:1)
  9 goblins
  2 kobolds
  6 rats
86 creatures vanquished.

Vanquished Creatures (collateral kills)
  An iguana (D:6)
  A ball python (D:2)
  A bat (D:2)
3 creatures vanquished.

Grand Total: 89 creatures vanquished

Notes
Turn   | Place    | Note
-------+----------+-------------------------------------------
     0 | D:1      | 101zpm the Djinni Ice Elementalist began the quest for the
                  | Orb.
     0 | D:1      | Reached XP level 1. HP: 15/15 MP: 0/0
   103 | D:1      | Reached XP level 2. HP: 10/21 MP: 0/0
   310 | D:1      | Found Pifor's General Store.
   346 | D:1      | Found Daagg's Armour Emporium.
   718 | D:1      | Found Abumm's Jewellery Shop.
   723 | D:1      | Reached XP level 3. HP: 24/25 MP: 0/0
   723 | D:1      | Learned a level 1 spell: Sandblast
   799 | D:1      | Found Tiar's Assorted Antiques.
  1089 | D:1      | Found Gosaf's Book Emporium.
  1101 | D:1      | Reached skill level 4 in Spellcasting
  1587 | D:2      | Found a faded altar of an unknown god.
  1915 | D:2      | Reached XP level 4. HP: 28/31 MP: 0/0
  2247 | D:2      | Noticed Jessica
  2260 | D:2      | Killed Jessica
  2427 | D:2      | Reached XP level 5. HP: 36/36 MP: 0/0
  2427 | D:2      | Learned a level 2 spell: Call Imp
  3179 | D:3      | Found a shimmering altar of Xom.
  3208 | D:3      | Reached skill level 5 in Spellcasting
  3729 | D:3      | Reached XP level 6. HP: 38/41 MP: 0/0
  5030 | D:4      | Reached skill level 1 in Maces & Flails
  5142 | D:4      | You are sucked into a shaft and drop 2 floors!
  5232 | D:6      | Reached XP level 7. HP: 6/46 MP: 0/0
  5232 | D:6      | Learned a level 3 spell: Tukima's Dance
  5249 | D:6      | Slain by a wight

Illustrated notes

Levels and vault maps discovered:
D:1:      enne_arrival_octagon_isle, layout_rooms, serial_shops, shop,
          nicolae_square_shop, nicolae_square_shop, shop,
          nicolae_shop_behind_doors
D:2:      layout_basic, shapermc_ecumenical_altar_pompeii,
          guppyfry_early_orc_mine, uniq_jessica
D:3:      layout_loops_cross, mainiacjoe_overflow_paths
D:4:      layout_gridville, nicolae_ashenzari_panopticon,
          grunt_temple_overflow_open, cheibrodos_sewer_entry_bend,
          minmay_ruptured
D:6:      minmay_spotlight, layout_basic, hangedman_abyss_or_decor_lesser_grid
D:7:      layout_cave_pods, minmay_temple_entry_hall, serial_shops,
          nicolae_shop_competitors_out_of_business, minmay_misc_feat_tiny,
          nicolae_benzene_ring

Skill      XL: |  1  2  3  4  5  6 |
---------------+-------------------+-----
Spellcasting   | 4 5 |  5.6
Maces & Flails | 1 |  1.2
Stealth        | 2 |  2.0
Fighting       | |  0.9
Dodging        | |  2.9

Action                   |  1- 3 |  4- 6 |  7- 9 || total
-------------------------+-------+-------+-------++-------
Melee: Unarmed           |     4 |       |       ||     4
       Mace              |       |    48 |       ||    48
 Cast: Freeze            |    62 |     5 |       ||    67
       Frozen Ramparts   |     2 |    19 |     1 ||    22
       Sandblast         |       |    21 |     2 ||    23
       Call Imp          |       |     6 |     1 ||     7
 Stab: Sleeping          |       |     2 |       ||     2
Armor: Robe              |    17 |    29 |       ||    46
Dodge: Dodged            |    34 |    56 |       ||    90
Block: Buckler           |       |     1 |       ||     1
